 Dungeon Crawl Stone Soup version 0.29.0-13-gc9e81de378 (webtiles) character file.

Game seed: 7920507186095882965

6762 Artool the Fighter (level 10, -1/72 (73) HPs)
             Began as a Demonspawn Gladiator on Sept 8, 2022.
             Was a Believer of Hepliaklqana.
             Slain by a soul eater (16 damage)
             ... on level 9 of the Dungeon.
             The game lasted 00:21:56 (10562 turns).

Artool the Fighter (Demonspawn Gladiator)          Turns: 10562, Time: 00:21:57

HP:   -1/72 (73)    AC: 13    Str: 18    XL:     10   Next: 75%
MP:   10/10         EV: 16    Int:  9    God:    Hepliaklqana [**....]
Gold: 503           SH:  0    Dex: 22    Spells: 9/9 levels left

rFire   + . .      SeeInvis +   q - +10 spear of Hokkuesch {freeze, rF+ SInv}
rCold   . . .      Faith    .   (no shield)
rNeg    . . .      Spirit   .   k - +0 chain mail
rPois   .          Reflect  .   (helmet restricted)
rElec   .          Harm     .   T - +0 cloak
rCorr   .          Rampage  .   (no gloves)
Will    .....                   Q - +0 pair of boots
Stlth   ..........              N - amulet of magic regeneration
HPRegen 0.22/turn               w - +4 ring of evasion
MPRegen 0.52/turn               v - +6 ring of dexterity

@: lightly drained
A: reduced essence, antennae 1, foul stench 2, spiny 1
a: Renounce Religion, Recall Ancestor, Ancestor Identity


You were on level 9 of the Dungeon.
You worshipped Hepliaklqana.
Hepliaklqana was pleased with you.
You visited 2 branches of the dungeon, and saw 10 of its levels.
You also visited: Sewer.

You collected 503 gold pieces.

Inventory:

Hand Weapons
 a - a +0 flail
 q - the +10 spear of Hokkuesch (weapon) {freeze, rF+ SInv}
   (You found it on level 2 of the Dungeon)

   It freezes those it strikes, dealing additional cold damage.
   It can also slow down cold-blooded creatures.
   rF:        It protects you from fire.
   SInv:      It lets you see invisible.
 L - a +4 whip
 W - a +4 trident
Missiles
 d - 3 throwing nets (quivered)
 e - a javelin
 O - 21 poisoned darts
 P - 3 curare-tipped darts
 V - 4 boomerangs
Armour
 b - a +0 leather armour
 c - a +0 helmet
 h - an orb of guile
 k - a +0 chain mail (worn)
 Q - a +0 pair of boots (worn)
 T - a +0 cloak (worn)
 U - +0 steam dragon scales
Magical Staves
 r - a staff of fire
Jewellery
 u - a ring of see invisible
 v - a +6 ring of dexterity (right hand)
 w - a +4 ring of evasion (left hand)
 A - a +4 ring of evasion
 N - an amulet of magic regeneration (around neck)
 S - a +6 ring of dexterity
Wands
 R - a wand of mindburst (14)
Scrolls
 g - 3 scrolls of amnesia {unknown}
 i - 7 scrolls of identify {unknown}
 j - 2 scrolls of fear {unknown}
 m - 3 scrolls of noise {unknown}
 s - 8 scrolls of teleportation {unknown}
 t - 3 scrolls of silence {unknown}
 x - a scroll of poison {unknown}
 y - 2 scrolls of vulnerability {unknown}
 C - a scroll of enchant armour {unknown}
 D - a scroll of brand weapon {unknown}
 I - 2 scrolls of enchant weapon {unknown}
 K - a scroll of blinking {unknown}
 M - a scroll of butterflies {unknown}
Potions
 f - 7 potions of curing
 l - 6 potions of mutation {unknown}
 n - 5 potions of degeneration {unknown}
 o - a potion of might {unknown}
 p - 3 potions of brilliance {unknown}
 z - 2 potions of lignification {unknown}
 B - 2 potions of flight {unknown}
 E - 2 potions of attraction {unknown}
 F - a potion of ambrosia {unknown}
 G - 2 potions of haste {unknown}
 H - 3 potions of resistance {unknown}
 J - a potion of invisibility {unknown}
 X - 2 potions of cancellation {unknown}


   Skills:
 + Level 8.6 Fighting
 + Level 8.0 Maces & Flails
 - Level 1.7 Throwing
 + Level 7.5 Armour
 + Level 8.1 Dodging


You had 9 spell levels left.
You didn't know any spells.
Your spell library contained the following spells:

 Spells                   Type           Power      Damage    Failure   Level
 Sublimation of Blood     Necr           0%         N/A       99%         2
 Wereblood                Tmut           0%         N/A       99%         2
 Portal Projectile        Hex/Tloc       0%         N/A       100%        3
 Tukima's Dance           Hex            0%         N/A       100%        3
 Animate Armour           Summ/Erth      0%         N/A       100%        4
 Fulminant Prism          Conj/Hex       0%         3d6       100%        4
 Iskenderun's Mystic Bla  Conj/Tloc      0%         2d3       100%        4
 Blade Hands              Tmut           0%         N/A       100%        5
 Lee's Rapid Deconstruct  Erth           0%         3d5*      100%        5
 Summon Hydra             Summ           0%         N/A       100%        7


Dungeon Overview and Level Annotations

Branches:
Dungeon (9/15)             Temple (1/1) D:6           Sewer (visited)
   Lair: D:8-11         Orc: D:9-12

Altars:
Ashenzari
Cheibriados
Dithmenos
Gozag
Hepliaklqana
Kikubaaqudgha
Makhleb
Nemelex Xobeh
Okawaru
Qazlal
Ru
Sif Muna
Trog
Vehumet
Wu Jian
Xom
Yredelemnul


Innate Abilities, Weirdness & Mutations

Your life essence is reduced to manifest your ancestor. (-10% HP)
You have a pair of small antennae on your head.
You sometimes emit foul miasma when damaged in melee.
You are partially covered in sharp spines.


Message History

Zosia hits the soul eater but does no damage.
You closely miss the soul eater.
The soul eater is moderately wounded.
Zosia closely misses the soul eater.
The soul eater draws from the surrounding life force!
The soul eater is healed.
Zosia hits the soul eater but does no damage.
You hit the soul eater but do no damage.
The soul eater is lightly wounded.
Zosia hits the soul eater but does no damage.
The soul eater is struck by your spines.
The soul eater misses you.
Zosia hits the soul eater but does no damage. x2
You hit the soul eater but do no damage.
The soul eater is lightly wounded.
The soul eater barely misses you.
Zosia hits the soul eater with a +0 dagger of draining.
Zosia hits the soul eater but does no damage.
You hit the soul eater.
The soul eater is moderately wounded.
The soul eater hits you!
* * * LOW HITPOINT WARNING * * *
You emit a cloud of foul miasma!
Zosia barely misses the soul eater.
Zosia closely misses the soul eater.
You hit the soul eater but do no damage.
You punch the soul eater, but do no damage.
The soul eater is moderately wounded.
The soul eater hits you.
* * * LOW HITPOINT WARNING * * *
Zosia gestures at the soul eater while chanting.
The soul eater resists with almost no effort.
The soul eater hits you but does no damage.
You hit the soul eater but do no damage.
The soul eater is moderately wounded.
Zosia hits the soul eater but does no damage.
A quasit comes into view.
Zosia closely misses the soul eater.
The soul eater completely misses you.
Zosia hits the soul eater but does no damage.
Zosia barely misses the soul eater.
The soul eater hits you!
You die...

#........#...#...#####
#.....†..#...#..........
#........#...#..........
#........'...#......5...
###........#...'..........
...........#...#..........
##.........#...#..........
#.........#...#..........
#.........#####@R...###
#...............3...#
#...................#
##...................#
.......####..........#
.####### #..........# ##
############


You could see the friendly Zosia the hexer, a soul eater (ally target) and a
quasit.

Vanquished Creatures
  An ice devil (D:9)
  Grinder (D:3)
  A shadow (D:6)
  A ynoxinul (D:8)
  A wyvern (D:6)
  3 steam dragons
  An acid dragon (D:8)
  A water moccasin (D:8)
  Pargi (Sewer)
  2 ice beasts (D:6)
  3 black bears
  3 ogres
  4 kobold brigands
  2 necrophages
  A bullfrog (D:7)
  2 gnoll sergeants
  2 scorpions
  3 wights (D:7)
  12 killer bees (D:9)
  A howler monkey (D:8)
  2 quasits (D:9)
  2 jellies
  4 hounds
  3 orc priests
  A gnoll bouda (D:6)
  3 iguanas
  Terence (D:2)
  Natasha (thrice) (D:3)
  5 orc wizards
  A mummy (D:3)
  16 gnolls
  6 adders
  2 shadow imps
  A worm (D:4)
  5 dart slugs
  16 orcs
  2 endoplasms (D:3)
  9 giant cockroaches
  4 goblins
  4 hobgoblins
  3 jackals (D:1)
  3 quokkas
  5 ball pythons
  4 bats
  9 frilled lizards
  32 kobolds
  3 rats
195 creatures vanquished.

Vanquished Creatures (collateral kills)
  A two-headed ogre (D:9)
  An ice devil (D:8)
  A red devil (D:9)
  A troll (D:8)
  2 ynoxinuls (D:9)
  2 steam dragons
  An orc warrior (D:9)
  3 killer bees (D:9)
  2 gnolls
  3 orcs (D:7)
  A goblin (D:7)
  A kobold (D:7)
19 creatures vanquished.

Vanquished Creatures (others)
  A hexer (D:9)
  An ancestor (D:7)
  10 demonic plants (D:9)
  A plant (D:6)
13 creatures vanquished.

Grand Total: 227 creatures vanquished

Notes
Turn   | Place    | Note
-------+----------+-------------------------------------------
     0 | D:1      | Artool the Demonspawn Gladiator began the quest for the
                  | Orb.
     0 | D:1      | Reached XP level 1. HP: 16/16 MP: 1/1
   184 | D:1      | Gained mutation: You are partially covered in sharp spines.
                  | [demonic ancestry]
   184 | D:1      | Reached XP level 2. HP: 22/22 MP: 2/2
   438 | D:1      | Reached skill level 1 in Armour
   474 | D:1      | Found a faded altar of an unknown god.
   697 | D:2      | Identified the +10 spear of Hokkuesch {freeze, rF+ SInv}
   917 | D:2      | Gained mutation: You may rarely emit foul miasma when
                  | damaged in melee. [demonic ancestry]
   917 | D:2      | Reached XP level 3. HP: 28/28 MP: 3/3
   995 | D:2      | Noticed Terence
   999 | D:2      | Killed Terence
  1396 | D:2      | Reached XP level 4. HP: 34/34 MP: 4/4
  1570 | D:3      | Found a burning altar of Makhleb.
  1570 | D:3      | Noticed Grinder
  1573 | D:3      | Paralysed by Grinder for 3 turns
  1585 | D:3      | Killed Grinder
  1586 | D:3      | Reached XP level 5. HP: 8/41 MP: 5/5
  1586 | D:3      | Reached XP level 6. HP: 9/47 MP: 6/6
  1975 | D:3      | Found a snail-covered altar of Cheibriados.
  2142 | D:3      | Noticed Natasha
  2144 | D:3      | Killed Natasha
  2174 | D:3      | Noticed Natasha
  2654 | D:3      | Found a burning altar of Makhleb.
  2772 | D:3      | Found a snail-covered altar of Cheibriados.
  2775 | D:3      | Killed Natasha
  3055 | D:3      | Found a snail-covered altar of Cheibriados.
  3110 | D:3      | Noticed Natasha
  3116 | D:3      | Killed Natasha
  3340 | D:3      | Found a burning altar of Makhleb.
  3582 | D:4      | Found a stormy altar of Qazlal.
  3586 | D:4      | Noticed a water elemental
  3590 | D:4      | Noticed an air elemental
  3590 | D:4      | Noticed a fire elemental
  3989 | D:4      | Gained mutation: You sometimes emit foul miasma when
                  | damaged in melee. [demonic ancestry]
  3989 | D:4      | Reached XP level 7. HP: 54/54 MP: 7/7
  4426 | D:4      | Found a broken altar of Ashenzari.
  4678 | D:5      | Entered Level 5 of the Dungeon
  4692 | D:5      | Found a glowing drain.
  4704 | Sewer    | Entered a sewer
  4741 | Sewer    | Noticed Pargi
  4746 | Sewer    | Killed Pargi
  4965 | D:5      | Found a sparkling altar of Nemelex Xobeh.
  5038 | D:5      | Found an ancient bone altar of Kikubaaqudgha.
  5708 | D:5      | Identified the +0 robe "Ejarchet" {Str+3}
  5813 | D:6      | Noticed a wyvern
  5820 | D:6      | Killed a wyvern
  5821 | D:6      | Reached skill level 5 in Fighting
  5821 | D:6      | Reached skill level 5 in Maces & Flails
  5821 | D:6      | Reached skill level 5 in Dodging
  5821 | D:6      | Gained mutation: You have a pair of small antennae on your
                  | head. [demonic ancestry]
  5821 | D:6      | Reached XP level 8. HP: 48/62 MP: 8/8
  6194 | D:6      | Found a staircase to the Ecumenical Temple.
  6203 | Temple   | Entered the Ecumenical Temple
  6216 | Temple   | Became a worshipper of Hepliaklqana the Forgotten
  6598 | D:6      | Reached skill level 5 in Armour
  6711 | D:6      | Found a radiant altar of Vehumet.
  6899 | D:6      | Reached XP level 9. HP: 56/69 MP: 9/9
  7277 | D:7      | Reached * piety under Hepliaklqana
  7700 | D:7      | Found a shimmering altar of Xom.
  7905 | D:7      | Found an iron altar of Okawaru.
  8047 | D:8      | Noticed a troll
  8051 | D:8      | Found a bloodstained altar of Trog.
  8054 | D:8      | Killed a troll
  8210 | D:8      | Found a shimmering blue altar of Sif Muna.
  8214 | D:8      | Got Sif Muna's Monograph on the Escort
  8438 | D:8      | Reached XP level 10. HP: 54/71 MP: 10/10
  9303 | D:9      | Reached ** piety under Hepliaklqana
  9304 | D:9      | Remembered your ancestor Zosia as a hexer
  9390 | D:9      | Noticed a soul eater
 10082 | D:9      | Noticed a two-headed ogre
 10085 | D:9      | Killed a two-headed ogre
 10338 | D:9      | Noticed a smoke demon
 10562 | D:9      | Slain by a soul eater

Illustrated notes

Levels and vault maps discovered:
D:1:      sevenhm_arrival_forest_fort_small_4, layout_loops_cross,
          ebering_ecumenical_altar_box
D:2:      layout_loops_corners, uniq_terence
D:3:      layout_loops_ring, mainiacjoe_overflow_small_starburst,
          lemuel_tele_altar, slow_altar_1, chequers_decorated_corner,
          uniq_natasha, uniq_grinder
D:4:      layout_basic, mainiacjoe_overflow_alcove_4,
          nicolae_qazlal_style_of_elements, nicolae_eternal_life
D:5:      layout_gridville, nemelex_diamond_rough_becter,
          overflow_temple_1_default, portal_sewer_entry_f
D:6:      layout_gridville, vehumet_crystals, minmay_temple_entry_ruins,
          serial_bayou_pond_b, chequers_arboretum
D:7:      layout_gridville, mainiacjoe_overflow_brackets,
          okawaru_altar_gauntlet_db
D:8:      layout_loops_corners, nzn_overflow_gifts_of_might_and_magic,
          minmay_misc_feat_x
D:9:      layout_irregular_city, fedhas_ov_isle_minmay, serial_demonic,
          serial_demonic_e, serial_demonic_f, serial_demonic_d,
          serial_demonic_a, serial_demonic_a, serial_demonic_b, serial_demonic_g
Temple:   hellmonk_temple_beads

Skill      XL: |  1  2  3  4  5  6  7  8  9 10 |
---------------+-------------------------------+-----
Armour         | 1 2 3 4 5 6 7 |  7.5
Maces & Flails | 3 4 5 6 7 8 |  8.0
Dodging        | 3 4 5 6 7 8 |  8.1
Fighting       | 3 4 5 6 7 8 |  8.6
Throwing       | |  1.7

Action                   |  1- 3 |  4- 6 |  7- 9 | 10-12 || total
-------------------------+-------+-------+-------+-------++-------
Melee: Flail             |    29 |       |       |       ||    29
       Spear             |    20 |    66 |   250 |   109 ||   445
       Punch             |       |       |     3 |     3 ||     6
Invok: Ancestor Identity |       |       |     1 |       ||     1
       Recall Ancestor   |       |       |       |     2 ||     2
       Ancestor Life: He |       |       |       |     1 ||     1
 Stab: Distracted        |       |       |       |     2 ||     2
Armor: Leather armour    |     3 |       |       |       ||     3
       Chain mail        |    13 |    15 |    65 |    29 ||   122
Dodge: Dodged            |    17 |    16 |   128 |    61 ||   222
